Map: 네온 바이올렛 스퀘어 - 래더

Players

이건아니지 - Winner!

  • Race: Zerg Zerg
  • League: Platinum
  • Spawn Location: 11:00

Ryu

  • Race: Protoss Protoss
  • League: Platinum
  • Spawn Location: 5:00

VOD

Have the link to the VOD?

Description

Time

  • Played on: April 20, 2025, 12:14 p.m.
  • Length: 15:37
Show
View Real Time Build Order
Export as new Build Order

이건아니지 Zerg - Winner!

Build Orders: 3 Hatch before Pool 

Get SALT Encoding   

  12  0:00  Drone  
  13  0:12  Overlord  
  13  0:17  Drone  
  14  0:31  Drone x2  
  16  0:47  Hatchery  
  15  0:51  Drone  
  15  0:54  Drone  
  17  0:58  Drone  
  18  1:07  Drone  
  19  1:18  Drone  
  20  1:26  Hatchery  
  20  1:29  Drone  
  20  1:41  Spawning Pool  
  20  1:43  Drone  
  20  1:50  Drone  
  21  2:00  Overlord  
  21  2:02  Drone  
  22  2:16  Drone  
  22  2:17  Drone  
  22  2:21  Drone  
  22  2:22  Drone  
  26  2:27  Queen  
  26  2:29  Queen  
  30  2:33  Drone x2  
  32  2:39  Drone  
  32  2:43  Queen  
  36  2:44  Drone  
  36  2:45  Drone  
  36  2:49  Drone  
  38  2:54  Overlord  
  38  2:56  Drone  
  39  3:05  Hatchery  
  38  3:12  Drone x4  
  42  3:16  Drone x2  
  44  3:23  Drone  
  44  3:25  Drone  
  46  3:27  Overlord  
  46  3:32  Drone  
  47  3:35  Extractor x2  
  47  3:39  Drone  
  47  3:41  Roach Warren, Drone x5  
  46  3:43  Extractor  
  46  3:44  Overlord  
  46  3:45  Drone, Extractor  
  49  3:51  Drone  
  49  3:54  Drone  
  49  3:55  Drone  
  52  4:03  Drone  
  53  4:11  Drone x3  
  53  4:15  Drone x7  
  63  4:17  Overlord  
  63  4:18  Spore Crawler, Queen  
  64  4:24  Lair  
  64  4:31  Spore Crawler  
  64  4:34  Drone  
  64  4:35  Drone x2, Queen  
  64  4:36  Drone x2  
  70  4:42  Drone x2  
  70  4:44  Overlord x3  
  72  4:52  Metabolic Boost  
  72  4:58  Overlord  
  72  4:59  Overlord  
  72  5:00  Extractor x2, Overlord  
  72  5:01  Drone x2  
  72  5:02  Drone x2  
  72  5:03  Drone x2  
  72  5:04  Drone x2  
  72  5:05  Drone  
  79  5:10  Queen  
  81  5:20  Drone x2  
  83  5:25  Infestation Pit  
  82  5:29  Drone x2, Hydralisk Den  
  82  5:31  Hatchery  
  82  5:33  Drone  
  82  5:34  Drone, Evolution Chamber  
  83  5:35  Evolution Chamber  
  83  5:36  Drone  
  83  5:39  Evolution Chamber  
  83  5:41  Drone x2  
  84  5:44  Drone x3, Extractor x2  
  84  5:45  Drone x3  
  84  5:46  Roach x7  
  84  5:47  Glial Reconstitution  
  102  5:54  Overseer  
  102  6:17  Grooved Spines, Spire  
  101  6:19  Zerg Melee Weapons Level 1, Zerg Missile Weapons Level 1, Zerg Ground Armor Level 1  
  101  6:21  Drone, Hive  
  102  6:35  Drone, Hatchery  
  102  6:36  Drone x14  
  102  6:37  Drone  
  102  6:39  Drone  
  118  6:41  Drone x2, Spore Crawler  
  118  6:42  Spore Crawler  
  118  6:44  Spore Crawler  
  118  6:46  Drone  
  118  6:48  Drone, Spore Crawler  
  118  6:56  Overlord x4  
  118  6:57  Overlord  
  118  7:00  Roach x4  
  126  7:05  Extractor  
  126  7:06  Extractor, Overlord x2  
  126  7:07  Muscular Augments  
  124  7:13  Overlord x4  
  124  7:20  Ravager x5  
  124  7:21  Ravager x2  
  131  7:24  Roach x11  
  131  7:27  Overlord  
  131  7:28  Overlord  
  153  7:33  Zerg Flyer Weapons Level 1  
  153  7:35  Adrenal Glands  
  153  7:41  Drone  
  153  7:43  Ultralisk Cavern  
  153  7:59  Viper  
  153  8:00  Viper  
  153  8:02  Zergling x36  
  153  8:05  Zergling x2  
  178  8:12  Corruptor  
  178  8:15  Zergling x2  
  178  8:16  Zergling x16  
  189  8:20  Zerg Ground Armor Level 2, Zerg Missile Weapons Level 2, Zerg Melee Weapons Level 2  
  189  8:22  Ravager  
  189  8:23  Ravager x3  
  189  8:25  Zergling x14  
  176  8:58  Ultralisk x4  
  165  9:09  Corruptor x2  
  154  9:10  Corruptor x4  
  154  9:11  Corruptor  
  163  9:19  Zergling x26  
  163  9:20  Zergling x12  
  163  9:23  Unknown  
  175  9:28  Zergling x16  
  175  9:29  Zerg Flyer Weapons Level 2  
  178  9:40  Chitinous Plating  
  178  10:02  Extractor  
  178  10:04  Extractor  
  176  10:09  Hydralisk x12  
  200  10:18  Overlord  
  200  10:20  Overlord  
  184  10:42  Corruptor  
  181  10:43  Corruptor x4  
  185  10:58  Anabolic Synthesis  
  185  11:28  Drone x14  
  185  11:29  Spore Crawler  
  198  11:32  Spine Crawler  
  198  11:33  Spine Crawler  
  198  11:34  Spine Crawler  
  198  11:35  Spine Crawler  
  198  11:36  Zerg Missile Weapons Level 3, Zerg Melee Weapons Level 3  
  198  11:37  Zerg Ground Armor Level 3  
  194  11:40  Pneumatized Carapace, Hatchery  
  194  11:41  Burrow  
  193  11:54  Hatchery  
  192  11:56  Spore Crawler  
  192  11:58  Spore Crawler  
  190  12:30  Zerg Flyer Weapons Level 3  
  190  12:36  Lurker Den  
  189  12:39  Hatchery  
  189  12:54  Spore Crawler  
  189  12:56  Spine Crawler x2  
  189  12:57  Spine Crawler  
  189  12:58  Drone x7  
  186  12:59  Drone x7  
  186  13:00  Spine Crawler  
  186  13:03  Spine Crawler  
  197  13:08  Spine Crawler  
  171  13:52  Zergling x28  
  177  14:05  Corruptor x5  
  177  14:06  Corruptor  
  177  14:08  Corruptor x2  
  193  14:14  Spore Crawler  
  191  14:17  Spine Crawler  
  191  14:18  Spine Crawler  
  191  14:22  Spore Crawler  
  191  14:23  Spine Crawler  
  187  14:24  Spine Crawler  
  186  14:46  Overseer x3  
Show
View Real Time Build Order
Export as new Build Order

Ryu Protoss 

Build Orders: 1 Gate Expand, Archon Immortal 

Get SALT Encoding   

  12  0:00  Probe  
  13  0:12  Probe  
  14  0:19  Pylon  
  14  0:24  Probe  
  15  0:37  Probe  
  15  0:41  Gateway  
  16  0:46  Probe  
  17  0:51  Assimilator  
  17  0:54  Probe  
  17  1:04  Probe  
  19  1:16  Probe  
  20  1:37  Cybernetics Core  
  20  1:40  Nexus  
  20  1:48  Pylon  
  20  1:50  Probe  
  21  1:55  Assimilator  
  21  2:03  Probe  
  22  2:09  Adept  
  22  2:14  Stargate  
  22  2:21  Probe  
  25  2:29  Warp Gate  
  25  2:39  Adept  
  25  2:41  Pylon  
  25  2:43  Probe  
  28  2:49  Probe  
  28  2:51  Probe  
  28  2:57  Probe  
  30  2:59  Probe  
  32  3:10  Probe  
  37  3:13  Probe  
  37  3:14  Void Ray  
  38  3:21  Probe  
  38  3:22  Probe  
  40  3:29  Probe  
  41  3:34  Probe  
  41  3:40  Probe, Pylon  
  43  3:45  Robotics Facility  
  43  3:46  Probe  
  44  3:48  Gateway  
  44  3:52  Probe  
  44  3:54  Sentry  
  47  3:58  Probe  
  48  4:04  Probe  
  48  4:07  Oracle  
  52  4:10  Probe  
  52  4:14  Gateway  
  53  4:18  Assimilator  
  53  4:22  Assimilator  
  53  4:28  Nexus  
  53  4:32  Pylon  
  53  4:34  Observer  
  54  4:41  Probe x2  
  56  4:53  Probe x2  
  56  4:56  Immortal  
  62  5:04  Twilight Council  
  62  5:05  Probe  
  63  5:09  Gateway  
  63  5:18  Gateway  
  63  5:22  Probe x2  
  63  5:26  Immortal  
  69  5:38  Probe  
  69  5:40  Probe  
  69  5:41  Probe, Pylon  
  72  5:45  Charge  
  72  5:46  Probe  
  72  5:48  Probe  
  72  5:49  Probe  
  72  5:54  Probe  
  72  5:55  Forge  
  72  5:56  Probe  
  75  5:57  Probe  
  75  5:59  Templar Archives  
  78  6:21  Probe x3  
  78  6:24  Assimilator  
  81  6:27  Assimilator  
  81  6:33  Probe x3, Nexus  
  81  6:34  Protoss Ground Weapons Level 1  
  81  6:35  Psionic Storm  
  81  6:36  Pylon  
  81  6:37  Zealot, Assimilator, High Templar x2  
  90  6:40  Assimilator  
  90  6:42  Pylon  
  90  6:50  Probe x3  
  93  7:00  Zealot x2  
  93  7:01  Zealot  
  99  7:15  Immortal  
  103  7:21  Gateway  
  103  7:22  Gateway  
  103  7:24  Gateway  
  103  7:26  Shield Battery x2  
  103  7:30  Photon Cannon  
  103  7:34  Stargate  
  103  7:37  Stargate  
  103  7:39  Fleet Beacon  
  103  7:41  High Templar x3  
  109  7:45  Pylon  
  109  7:49  Probe x2  
  109  7:50  Probe  
  112  7:55  Zealot x2  
  116  7:59  Immortal  
  120  8:08  Pylon  
  120  8:11  Probe  
  121  8:14  Nexus  
  121  8:15  High Templar x2, Pylon  
  125  8:37  Zealot x3  
  100  9:04  Archon x2  
  100  9:05  Zealot x5  
  100  9:06  Zealot x2  
  104  9:14  Stalker  
  92  9:19  Tempest x3  
  82  9:27  Stalker x4  
  82  9:28  Stalker x2  
  82  9:29  Stalker  
  96  9:37  Protoss Ground Weapons Level 2  
  96  9:41  Immortal  
  108  9:49  Mothership  
  108  9:51  High Templar  
  110  9:52  Zealot  
  110  9:53  Zealot x2  
  110  9:54  Zealot x3  
  110  9:55  Zealot  
  124  10:00  Protoss Air Weapons Level 1  
  124  10:06  Tempest  
  128  10:15  Tempest  
  132  10:27  Zealot  
  132  10:28  Zealot  
  131  10:29  Zealot x4  
  80  10:44  Stalker  
  80  10:49  Zealot x2  
  72  10:50  Zealot x3  
  76  11:01  Tempest  
  76  11:03  Carrier  
  86  11:05  Observer  
  87  11:11  High Templar  
  87  11:12  High Templar x2  
  93  11:30  Nexus  
  93  11:32  Pylon  
  93  11:45  Unknown  
  93  11:50  Observer  
  93  11:51  Carrier  
  100  11:55  Pylon  
  100  11:57  Pylon  
  100  12:13  Carrier  
  106  12:20  High Templar x4  
  114  12:41  Immortal  
  114  12:42  Protoss Ground Weapons Level 3  
  118  12:52  Probe x2  
  118  12:55  Probe  
  118  12:57  Probe  
  122  13:04  Probe x2  
  124  13:05  Protoss Air Weapons Level 2  
  124  13:07  Probe  
  124  13:09  Probe  
  126  13:16  Probe x2  
  128  13:21  Pylon  
  128  13:23  Pylon  
  132  13:27  Immortal  
  113  13:43  Void Ray, Archon  
  113  13:47  High Templar x2  
  113  13:48  Zealot, High Templar x2  
  71  13:59  Archon x2  
  67  14:10  Nexus  
  67  14:12  Pylon  
  67  14:21  Zealot x2  
  67  14:23  High Templar  
  67  14:24  High Templar  
  92  15:25  High Templar x2  
  92  15:26  High Templar x2  
  92  15:27  Zealot  
  102  15:33  Archon x2  
Tags
 
Add a new tag
Caveats
  • Supply blocks, unpowered buildings, or Contaminate may cause inaccurate times.
  • Supply counts are checked every 10 seconds.